Unix NetHack Version 5.0.0-0 post-release - last build May 31 2026 23:59:36 (970b52f25bf058293b47ddfd14a1e40e571c508c,branch:main).

Game began 2026-06-06 13:20:21, ended 2026-06-06 13:30:46.

Felix1, neutral male human Wizard

                                                ------
        ---------                               |....|    ---------
         ??+??+?        ---------------         |...(|    |........#
          +?]??         |.............|     ####.....|    |.......|#
          +????         |.............|   ###   |....|    |.......|#
           ?+?         #...............#########-.`..|    ---.---.-#
           ???         #|.............|         -.----   #`###     #
            ..         #|.............|          ################# #
            .          #---------------              #######       #
            #          #                         ----|-----.-      #
           @#          #                         |..........|      #
           #           #                         |..........|      #
           #           #                         |.<........|      #--------
          ##          ##                         |..........|      #-......|
        --.----------##                          |..........|       |......|
        |...........|#                           ------------       |...._.|
        |..>....^....#                                              |......|
        -----------.-                                               --------

Felix1 the Conjurer       St:10 Dx:14 Co:13 In:18 Wi:8 Ch:12  Neutral
Dlvl:3  $:0  HP:0(25) Pw:21(21) AC:9  Xp:3 T:1209  Blind

Latest messages:
 You see here a large box.
 What do you want to eat? [t or ?*] <esc>
 Never mind.
 In what direction? .
 Hmmm, the large box turns out to be locked.
 You are feeling mildly nauseated.
 You feel slightly confused.
 You can't seem to think straight.
 You feel less confused now.
 With great effort you move the boulder.
 You feel incredibly sick.
 You are about to vomit.
 You feel a bit steadier now.
 You feel less confused now.
 You vomit!
 You can move again.
 With great effort you move the boulder.
 You are beginning to feel hungry.
 You hear the footsteps of a guard on patrol.
 This food really hits the spot!
 You finish eating the food ration.
 You find a hidden passage.
 You feel a wrenching sensation.
 Really step into that teleportation trap? [yn] (n) n
 You hear a chugging sound.
 Something is written here in the dust.
 You read: "Closed for inventory".
 This door is locked.
 This door is locked.
 This door is locked.
 This door is locked.
 Something is written here in the dust.
 You read: "?losed fo? ?nventory".
 In what direction? 8
 Whammm!!
 In what direction? 8
 As you kick the door, it crashes open!
 Lahinch appears next to you!
 "How dare you break my door?"
 Lahinch zaps an oak wand!
 Boing!
 Lahinch hurls a sky blue potion!
 The flask crashes on your head and breaks into shards.
 The sky blue potion evaporates.
 It suddenly gets dark.
 It hits!
 It hits again!
 You die...
 Lahinch takes all your possessions.
 Do you want to see what you had when you died? [ynq] (y) q

Inventory:
 Weapons  (')')
  o - a cursed -1 orcish dagger
  a - a blessed +1 quarterstaff (weapon in hands)
 Armor    ('[')
  b - a blessed +0 cloak of magic resistance (being worn)
 Comestibles  ('%')
  t - an uncursed food ration
 Scrolls  ('?')
  j - an uncursed scroll of enchant weapon
  k - an uncursed scroll of light
  i - 2 uncursed scrolls of teleportation
 Spellbooks  ('+')
  l - a blessed spellbook of force bolt
  m - an uncursed spellbook of healing
  r - an uncursed spellbook of identify
 Potions  ('!')
  f - an uncursed potion of confusion
  h - an uncursed potion of healing
  g - an uncursed potion of object detection
 Rings    ('=')
  e - an uncursed ring of polymorph
  d - an uncursed ring of sustain ability
 Wands    ('/')
  c - a wand of light (0:15)
 Tools    ('(')
  n - a magic marker (0:22)
 Gems/Stones  ('*')
  p - an uncursed worthless piece of yellow glass

Felix1 the Wizard's attributes:

Background:
 You were a Conjurer, a level 3 male human Wizard.
 You were neutral, on a mission for Thoth
 who was opposed by Ptah (lawful) and Anhur (chaotic).
 You were right-handed.
 You were in the Dungeons of Doom, on level 3.
 You entered the dungeon 1209 turns ago.
 You had 79 experience points, 1 more was needed to attain level 4.

Basics:
 You had 0 out of 25 hit points.
 You had all 21 energy points (spell power).
 Your armor class was 9.
 Your wallet was empty.
 Autopickup was off.

Final Characteristics:
 Your strength was 10 (limit:18/100).
 Your dexterity was 14 (limit:18).
 Your constitution was 13 (limit:18).
 Your intelligence was 18 (limit:18).
 Your wisdom was 8 (limit:18).
 Your charisma was 12 (limit:18).

Final Status:
 You were temporarily blind.
 You weren't hungry.
 You were unencumbered.
 You were wielding a quarterstaff.
 You had basic skill with quarterstaff.

Final Attributes:
 You were stridently aligned.
 You were magic-protected.
 You were warded.
 You are dead.

Miscellaneous:
 You didn't encounter any bones levels.
 Total elapsed playing time was 10 minutes and 25 seconds.

Major events:
 Turn
    1: Felix1 the neutral male human Wizard entered the dungeon
  818: attained the rank of Conjurer (level 3)
 1209: killed by Mr. Lahinch; the shopkeeper

Spells:
 Name                 Level Category     Fail Retention
 force bolt             1   attack         0%  91%-100%
 healing                1   healing        0%  76%-100%

Skills:
 Fighting Skills
   bare handed combat [Unskilled]
   riding             [Unskilled]
 Weapon Skills
   dagger             [Unskilled]
   knife              [Unskilled]
   axe                [Unskilled]
   short sword        [Unskilled]
   club               [Unskilled]
   mace               [Unskilled]
   quarterstaff       [Basic]
   polearms           [Unskilled]
   spear              [Unskilled]
   trident            [Unskilled]
   sling              [Unskilled]
   dart               [Unskilled]
   shuriken           [Unskilled]
 Spellcasting Skills
   attack spells      [Basic]
   healing spells     [Unskilled]
   divination spells  [Unskilled]
   enchantment spells [Basic]
   clerical spells    [Unskilled]
   escape spells      [Unskilled]
   matter spells      [Unskilled]

Voluntary challenges:
 Character rerolling was not enabled.
 You never genocided any monsters.
 You never polymorphed an object.
 You never changed form.
 You used no wishes.
Achievements:
 You entered a shop.
 You attained the rank of Conjurer.

 The Dungeons of Doom: levels 1 to 3
    Level 1:
    Level 2:
       A general store.
    Level 3: <- You were here.
       An altar.
       Final resting place for
          you, killed by Mr. Lahinch; the shopkeeper.


Vanquished creatures:
  a large mimic
  a fox
  2 goblins
  8 grid bugs
  a lichen
  2 newts
15 creatures vanquished.

No species were genocided or became extinct.

Game over:
                       ----------
                      /          \
                     /    REST    \
                    /      IN      \
                   /     PEACE      \
                  /                  \
                  |      Felix1      |
                  |       0 Au       |
                  |  killed by Mr.   |
                  |   Lahinch; the   |
                  |    shopkeeper    |
                  |                  |
                  |       2026       |
                 *|     *  *  *      | *
        _________)/\\_//(\/(/\)/\//\/|_)_______

Goodbye Felix1 the Wizard...

You died in The Dungeons of Doom on dungeon level 3 with 440 points,
and 0 pieces of gold, after 1209 moves.
You were level 3 with a maximum of 25 hit points when you died.

